 Dungeon Crawl Stone Soup version 0.30-a0-847-g17996783a1 (webtiles) character file.

Game seed: 15041202782061337295

8770 jasper the Blocker (level 11, -4/92 HPs)
             Began as a Naga Venom Mage on Mar 3, 2023.
             Was a Priest of Sif Muna.
             Killed from afar by a lindwurm (26 damage)
             ... with a blast of flame
             ... on level 11 of the Dungeon.
             The game lasted 00:21:40 (11502 turns).

jasper the Blocker (Naga Venom Mage)               Turns: 11502, Time: 00:21:40

Health: -4/92      AC: 10    Str: 11    XL:     11   Next: 36%
Magic:  1/28       EV: 10    Int: 19    God:    Sif Muna [***...]
Gold:   653        SH: 11    Dex: 12    Spells: 1/21 levels left

rFire   . . .      SeeInvis +    N - staff of poison
rCold   . . .      Faith    .    J - +0 kite shield
rNeg    . . .      Spirit   .    I - +1 steam dragon scales
rPois   +          Reflect  .    c - +0 helmet
rElec   +          Rampage  .    (no cloak)
rCorr   .                        r - +1 pair of gloves
Will    ++...                    (no barding)
Stlth   ++                       (no amulet)
HPRegen 0.35/turn                H - ring "Pacatsi" {*Slow rElec rPois Will+ MP+9 Slay+3}
MPRegen 0.21/turn                w - +4 ring of slaying

@: very slightly contaminated, very slow
A: AC +3, large, see invisible, deformed body, poison resistance, slowness 2,
spit poison 1, naga tail 1
a: Spit Poison, Renounce Religion, Channel Magic, Forget Spell


You were on level 11 of the Dungeon.
You worshipped Sif Muna.
Sif Muna was most pleased with you.
You visited 2 branches of the dungeon, and saw 12 of its levels.
You also visited: Sewer.

You collected 702 gold pieces.
You spent 49 gold pieces at shops.

Inventory:

Hand Weapons
 d - a +0 short sword
 e - a +3 short sword of draining
Missiles
 f - 121 stones
 q - 13 javelins
 u - 5 boomerangs
Armour
 a - a +0 robe
 c - a +0 helmet (worn)
 l - a +0 buckler
 o - a +3 leather armour of fire resistance
 r - a +1 pair of gloves (worn)
 y - an orb of energy
 I - +1 steam dragon scales (worn)
 J - a +0 kite shield (worn)
Magical Staves
 h - a staff of death
 N - a staff of poison (weapon)
Jewellery
 p - a ring of willpower
 w - a +4 ring of slaying (right hand)
 E - a ring of willpower
 H - the ring "Pacatsi" (left hand) {*Slow rElec rPois Will+ MP+9 Slay+3}
   (You found it on level 8 of the Dungeon)

   [ring of willpower]

   Slay:      It affects your accuracy & damage with ranged weapons and melee
   (+3).
   rElec:     It insulates you from electricity.
   rPois:     It protects you from poison.
   MP:        It affects your magic capacity (+9).
   *Slow:     It may slow you when you take damage.
   Will:      It increases your willpower.
Wands
 O - a wand of polymorph (11)
 S - a wand of flame (3)
Scrolls
 t - 2 scrolls of identify
 v - 3 scrolls of teleportation
 B - 3 scrolls of magic mapping
 G - a scroll of enchant weapon
 K - a scroll of acquirement {unknown}
 L - a scroll of fog {unknown}
 P - 2 scrolls of vulnerability
 Q - a scroll of blinking
 R - a scroll of torment {unknown}
Potions
 b - a potion of magic
 g - 4 potions of attraction
 i - 2 potions of degeneration
 j - 2 potions of lignification
 k - a potion of cancellation
 m - 4 potions of brilliance {unknown}
 n - 2 potions of heal wounds {unknown}
 s - a potion of berserk rage {unknown}
 x - 2 potions of invisibility {unknown}
 z - 2 potions of flight {unknown}
 A - a potion of ambrosia {unknown}
 C - a potion of mutation {unknown}
 D - 2 potions of curing {unknown}
 F - 5 potions of haste
 M - a potion of might {unknown}


   Skills:
 - Level 4.3 Fighting
 - Level 4.0 Dodging
 - Level 3.0 Stealth
 - Level 10.0 Shields
 - Level 5.7 Spellcasting
 + Level 4.4 Conjurations
 - Level 1.2 Transmutations
 + Level 3.0 Fire Magic
 - Level 3.1 Air Magic
 - Level 7.7 Poison Magic
 - Level 6.8 Invocations


You had one spell level left.
You knew the following spells:

 Your Spells              Type           Power      Damage    Failure   Level
a - Sting                 Tmut/Pois      100%       1d8       3%          1
b - Poisonous Vapours     Pois/Air       78%        N/A       3%          2
c - Mephitic Cloud        Conj/Pois/Air  37%        N/A       8%          3
d - Olgreb's Toxic Radia  Pois           51%        N/A       9%          4
e - Apportation           Tloc           10%        N/A       22%         1
f - Alistair's Intoxicat  Tmut/Pois      22%        N/A       67%         5
g - Flame Wave            Conj/Fire      19%        2d7       43%         4

Your spell library contained the following spells:

 Spells                   Type           Power      Damage    Failure   Level
 Inner Flame              Hex/Fire       11%        N/A       34%         3
 Sticky Flame             Conj/Fire      19%        2d4       43%         4
 Conjure Ball Lightning   Conj/Air       9%         3x3d6     100%        6
 Discord                  Hex            2%         N/A       100%        8
 Disjunction              Tloc           2%         N/A       100%        8


Dungeon Overview and Level Annotations

Branches:
Dungeon (11/15)            Temple (1/1) D:4            Lair (0/5) D:9
  Sewer (visited)
    Orc: D:9-12

Altars:
Ashenzari
Cheibriados
Dithmenos
Elyvilon
Fedhas
Gozag
Hepliaklqana
Kikubaaqudgha
Makhleb
Okawaru
Qazlal
Ru
Sif Muna
Trog
Uskayaw
Vehumet
Wu Jian
Xom
Yredelemnul
Zin
The Shining One

Shops:
D:3 [


Innate Abilities, Weirdness & Mutations

Your serpentine skin is tough. (AC +3)
You have supernaturally acute eyesight. (SInv)
Armour fits poorly on your strangely shaped body.
Your system is resistant to poisons. (rPois)
You cover ground very slowly.
You can spit poison.
You have a snake-like lower body.


Message History

The sting hits the lindwurm but does no damage.
The lindwurm looks even sicker.
The lindwurm is severely wounded.
Your toxic aura wanes.
The lindwurm barely misses you.
The lindwurm claws you but does no damage.
You block the lindwurm's attack.
Aiming: Sting (safe; 3% risk of failure)
Press: ? - help, Q - select action, (/) - cycle Shift-Dir - straight line, f/p - lindwurm
Aim: a lindwurm (severely wounded, very poisoned, 89% to hit)
You feel a surge of power!
The sting hits the lindwurm!
The lindwurm looks even sicker.
The lindwurm is almost dead.
The lindwurm barely misses you. x2; The lindwurm closely misses you.
You now have 3/28 mp.
Aiming: Sting (safe; 3% risk of failure)
Press: ? - help, Q - select action, (/) - cycle Shift-Dir - straight line, f/p - lindwurm
Aim: a lindwurm (almost dead, very poisoned, 89% to hit)
You feel a surge of power!
The sting misses the lindwurm.
You block the lindwurm's attack.
The lindwurm claws you but does no damage. x2
You now have 2/28 mp.
Aiming: Sting (safe; 3% risk of failure)
Press: ? - help, Q - select action, (/) - cycle Shift-Dir - straight line, f/p - lindwurm
Aim: a lindwurm (almost dead, very poisoned, 89% to hit)
You feel a surge of power!
You miscast Sting.
You are very lightly contaminated with residual magic.
Nothing appears to happen.
The lindwurm bites you but does no damage.
The lindwurm claws you.
* * * LOW HITPOINT WARNING * * *
The lindwurm barely misses you.
You now have 1/28 mp.
Aiming: Sting (safe; 3% risk of failure)
Press: ? - help, Q - select action, (/) - cycle Shift-Dir - straight line, f/p - lindwurm
Aim: a lindwurm (almost dead, very poisoned, 89% to hit)
You feel a surge of power!
The sting misses the lindwurm.
The lindwurm breathes flames at you. The blast of flame hits you!!
You die...

####### #...†.#
#.###'####
#######.# #..#.#
#.......# ##@††#
### #.......#
#$k#.# ..#
#.......#...##.#
..# #.......#.#.
$# ..#
#.......#### ##
..###........#
..#.'........#
..'.#........#
..###........#


You could see a lindwurm (very poisoned, catching breath).

Vanquished Creatures
  A two-headed ogre (D:10)
  Urug (D:10)
  A deep elf pyromancer (D:10)
  A lindwurm (D:11)
  A cyclops (D:10)
  An elephant (D:9)
  Joseph (D:7)
  Psyche (D:10)
  A tyrant leech (D:11)
  2 trolls
  3 wraiths
  A wyvern (D:9)
  2 basilisks
  4 yaks (D:9)
  3 steam dragons
  2 water moccasins
  2 black bears
  2 orc warriors
  A sky beast (D:4)
  3 ogres
  4 centaurs
  A phantom (D:4)
  4 kobold brigands
  A gnoll sergeant (D:10)
  4 scorpions
  6 howler monkeys
  3 orc priests
  3 hounds
  4 iguanas (D:5)
  4 sleepcaps
  6 orc wizards
  12 gnolls
  A river rat (D:6)
  5 adders
  2 shadow imps (D:5)
  3 white imps
  An ufetubus (D:5)
  11 worms
  3 dart slugs
  26 orcs
  8 ball pythons
  11 bats
  9 endoplasms
  3 giant cockroaches
  3 goblins (D:1)
  9 hobgoblins
  10 jackals
  32 kobolds
  6 quokkas
  2 frilled lizards
  10 rats
241 creatures vanquished.

Vanquished Creatures (others)
  A quokka (D:4)
  2 kobolds (D:10)
  29 fungi (D:8)
32 creatures vanquished.

Grand Total: 273 creatures vanquished

Notes
Turn   | Place    | Note
-------+----------+-------------------------------------------
     0 | D:1      | jasper the Naga Venom Mage began the quest for the Orb.
     0 | D:1      | Reached XP level 1. HP: 15/15 MP: 3/3
   201 | D:1      | Reached XP level 2. HP: 22/22 MP: 3/5
   208 | D:1      | Learned a level 2 spell: Poisonous Vapours
   362 | D:1      | Reached skill level 5 in Poison Magic
   432 | D:1      | Reached XP level 3. HP: 28/28 MP: 0/6
   436 | D:1      | Learned a level 3 spell: Mephitic Cloud
  1305 | D:2      | Reached skill level 1 in Shields
  1540 | D:2      | Reached XP level 4. HP: 28/36 MP: 1/7
  1642 | D:2      | Reached skill level 2 in Shields
  2049 | D:3      | Found Humam's Armour Boutique.
  2053 | D:3      | Bought a +0 pair of gloves for 49 gold pieces
  2198 | D:3      | Reached skill level 3 in Shields
  2198 | D:3      | Reached XP level 5. HP: 32/42 MP: 0/8
  3349 | D:4      | Found a staircase to the Ecumenical Temple.
  3350 | D:4      | Noticed a sky beast
  3363 | D:4      | Killed a sky beast
  3364 | D:4      | Reached XP level 6. HP: 40/49 MP: 1/10
  3374 | Temple   | Entered the Ecumenical Temple
  3380 | Temple   | Learned a level 4 spell: Olgreb's Toxic Radiance
  3480 | Temple   | Became a worshipper of Sif Muna the Loreminder
  3762 | D:4      | Reached XP level 7. HP: 27/55 MP: 12/12
  4023 | D:4      | Reached skill level 1 in Conjurations
  4023 | D:4      | Reached skill level 1 in Air Magic
  4435 | D:4      | Found a white marble altar of Elyvilon.
  4745 | D:5      | Entered Level 5 of the Dungeon
  4745 | D:5      | Found a basalt altar of Yredelemnul.
  5092 | D:5      | Reached skill level 1 in Invocations
  5092 | D:5      | Reached XP level 8. HP: 61/63 MP: 4/13
  5309 | D:5      | Reached skill level 1 in Fighting
  5729 | D:6      | Reached * piety under Sif Muna
  5980 | D:6      | Found a bloodstained altar of Trog.
  6047 | D:6      | Found a glowing drain.
  6057 | Sewer    | Entered a sewer
  6747 | D:7      | Reached XP level 9. HP: 60/74 MP: 6/16
  6957 | D:7      | Noticed Joseph
  6976 | D:7      | Killed Joseph
  6977 | D:7      | Reached skill level 5 in Spellcasting
  6977 | D:7      | Reached skill level 5 in Invocations
  7609 | D:8      | Identified the ring "Pacatsi" {*Slow rElec rPois Will+ MP+9
                  | Slay+3}
  7679 | D:8      | Found a stormy altar of Qazlal.
  7684 | D:8      | Found a glowing silver altar of Zin.
  7696 | D:8      | Reached ** piety under Sif Muna
  8659 | D:9      | Reached skill level 4 in Shields
  8661 | D:9      | Reached XP level 10. HP: 69/86 MP: 16/18
  8662 | D:9      | Reached skill level 5 in Shields
  8815 | D:9      | Found a hazy altar of Hepliaklqana.
  9031 | D:9      | Reached skill level 6 in Shields
  9034 | D:9      | Learned a level 1 spell: Apportation
  9040 | D:9      | Learned a level 5 spell: Alistair's Intoxication
  9279 | D:9      | Found a staircase to the Lair.
  9279 | D:9      | Noticed an elephant
  9289 | D:9      | Killed an elephant
  9290 | D:9      | Reached skill level 7 in Shields
  9608 | D:10     | Entered Level 10 of the Dungeon
  9609 | D:10     | Noticed Urug
  9617 | D:10     | Noticed a two-headed ogre
  9625 | D:10     | Killed Urug
  9626 | D:10     | Reached skill level 8 in Shields
  9626 | D:10     | Killed a two-headed ogre
  9664 | D:10     | Reached skill level 9 in Shields
  9727 | D:10     | Noticed a deep elf pyromancer
  9736 | D:10     | Killed a deep elf pyromancer
  9737 | D:10     | Reached XP level 11. HP: 7/92 MP: 16/19
  9993 | D:10     | Noticed Psyche
 10001 | D:10     | Killed Psyche
 10081 | D:10     | Reached *** piety under Sif Muna
 10169 | D:10     | Found a radiant altar of Vehumet.
 10227 | D:10     | Reached skill level 10 in Shields
 10232 | D:10     | Learned a level 4 spell: Flame Wave
 10532 | D:10     | Found a shadowy altar of Dithmenos.
 10744 | D:10     | Noticed a cyclops
 10759 | D:10     | Killed a cyclops
 10760 | D:10     | Reached skill level 1 in Fire Magic
 11479 | D:11     | Noticed a lindwurm
 11489 | D:11     | Noticed a lindwurm
 11491 | D:11     | Killed a lindwurm
 11502 | D:11     | Killed from afar by a lindwurm

Illustrated notes

Levels and vault maps discovered:
D:1:      dpeg_arrival_shelter, layout_loops_ring, chequers_serial_rivers_room_a
D:2:      layout_rooms
D:3:      layout_basic, serial_shops, nicolae_shop_hallway_stairs
D:4:      layout_basic, elyvilon_altar_4, minmay_temple_entry_ruins
D:5:      layout_basic, overflow_temple_1_default
D:6:      layout_cave_pools, trog_three_pillars_becter, gup_sewer_entry_bowl
D:7:      minmay_recursive_quarters, layout_basic, marbit_many_paths,
          kennysheep_small_circle, uniq_joseph, uniq_maggie
D:8:      layout_loops_ring, mainiacjoe_overflow_catch_the_wave
D:9:      layout_loops_ring, mainiacjoe_overflow_surrounded_room,
          david_lair_generic
D:10:     layout_cross, nicolae_dithmenos_shadow_blocks,
          mainiacjoe_overflow_24_doors, uniq_urug, uniq_psyche
D:11:     layout_roguey, portal_ice_cave_entry_pillars_2,
          hangedman_parallel_progression, uniq_grum
Temple:   nicolae_temple_ecumenical_triangle

Skill      XL: |  1  2  3  4  5  6  7  8  9 10 11 |
---------------+----------------------------------+-----
Poison Magic   | 5 6 7 |  7.7
Shields        | 1 3 4 9 10 | 10.0
Spellcasting   | 3 4 5 |  5.7
Conjurations   | 3 4 |  4.4
Air Magic      | 3 |  3.1
Invocations    | 1 4 6 |  6.8
Fighting       | 2 4 |  4.3
Dodging        | 3 4 |  4.0
Fire Magic     | 3 |  3.0
Stealth        | |  3.0
Transmutations | |  1.2

Action                     |  1- 3 |  4- 6 |  7- 9 | 10-12 || total
---------------------------+-------+-------+-------+-------++-------
  Melee: Short sword       |    23 |    75 |    99 |    23 ||   220
         Unarmed           |     4 |       |       |       ||     4
         Punch             |     1 |       |       |       ||     1
         Staff             |       |       |       |   103 ||   103
   Cast: Sting             |    27 |    41 |    42 |     8 ||   118
         Poisonous Vapours |    19 |    29 |     3 |     6 ||    57
         Olgreb's Toxic Ra |       |       |    56 |    39 ||    95
         Mephitic Cloud    |       |       |     2 |     3 ||     5
         Flame Wave        |       |       |       |     1 ||     1
 Invoke: Channel Magic     |       |       |       |     1 ||     1
Ability: Spit Poison       |    18 |    14 |    12 |     5 ||    49
    Use: Scroll            |       |     4 |     9 |       ||    13
   Stab: Confused          |       |       |     1 |       ||     1
 Armour: Robe              |    11 |    17 |    27 |       ||    55
         Steam dragon scal |       |       |    23 |    44 ||    67
  Dodge: Dodged            |    19 |    25 |    56 |    75 ||   175
  Block: Buckler           |     1 |    19 |    28 |       ||    48
         Kite shield       |       |       |     4 |    91 ||    95

Table legend: (Time is in decaauts)
 A = Elapsed time spent in this place.
 B = Non-inter-level travel time spent in this place.
 C = Inter-level travel time spent in this place.
 D = Time resting spent in this place.
 E = Time spent auto-exploring this place.
 F = Levels seen in this place.
 G = Mean time per level.
                   A        B        C        D        E       F      G
               +--------+--------+--------+--------+--------+-----+--------+
         Total |  13833 |  13416 |    417 |    574 |  10868 |  13 | 1064.1 |
       Dungeon |  13521 |  13135 |    386 |    574 |  10639 |  11 | 1229.2 |
        Temple |    139 |    109 |     30 |      0 |     93 |   1 |  139.0 |
         Sewer |    172 |    172 |      0 |      0 |    135 |   1 |  172.0 |
               +--------+--------+--------+--------+--------+-----+--------+

Top non-repeatable levels by time:
     D:4: 1640 daAuts
     D:3: 1508 daAuts
     D:9: 1456 daAuts
    D:10: 1413 daAuts
     D:1: 1318 daAuts
     D:8: 1244 daAuts
     D:6: 1132 daAuts
     D:2: 1129 daAuts
     D:5: 1049 daAuts
     D:7: 1025 daAuts
    D:11: 604 daAuts
   Sewer: 172 daAuts
  Temple: 139 daAuts
